 Dungeon Crawl Stone Soup version 0.30-a0-57-g8b159a9891 (webtiles) character file.

Game seed: 8781193705564678292

149 Decritt the Ducker (level 5, -14/43 HPs)
             Began as a Merfolk Gladiator on Sept 11, 2022.
             Demolished by an orc warrior
             ... wielding a +0 battleaxe
              (16 damage)
             ... on level 3 of the Dungeon.
             The game lasted 00:06:11 (3007 turns).

Decritt the Ducker (Merfolk Gladiator)              Turns: 3007, Time: 00:06:11

Health: -14/43     AC:  4    Str: 14    XL:     5   Next: 31%
Magic:  0/5        EV: 14    Int:  8    God:
Gold:   227        SH:  0    Dex: 17    Spells: 4/4 levels left

rFire   . . .      SeeInvis .    t - +0 dagger (venom)
rCold   . . .      Faith    .    (no shield)
rNeg    . . .      Spirit   +    b - +0 leather armour
rPois   .          Reflect  .    c - +0 helmet
rElec   .          Harm     .    (no cloak)
rCorr   .          Rampage  .    (no gloves)
Will    .....                    (no boots)
Stlth   +.........               n - amulet of guardian spirit
HPRegen 0.14/turn                (no ring)
MPRegen 0.09/turn                (no ring)

@: no status effects
A: (nimble swimmer 2), mertail
a: no special abilities


You were on level 3 of the Dungeon.
You visited 1 branch of the dungeon, and saw 4 of its levels.

You collected 227 gold pieces.

Inventory:

Hand Weapons
 a - a +0 long sword
 t - a +0 dagger of venom (weapon)
Missiles
 d - 5 throwing nets (quivered)
 e - a javelin
Armour
 b - a +0 leather armour (worn)
 c - a +0 helmet (worn)
Jewellery
 n - an amulet of guardian spirit (around neck)
 v - a ring of protection from cold
 w - a ring of wizardry
Wands
 r - a wand of paralysis (7)
Scrolls
 h - a scroll of torment {unknown}
 j - 2 scrolls of teleportation {unknown}
 k - 6 scrolls of identify {unknown}
 m - a scroll of amnesia {unknown}
 o - a scroll of fear {unknown}
 q - 2 scrolls of enchant weapon {unknown}
Potions
 f - a potion of brilliance {unknown}
 g - a potion of might {unknown}
 i - a potion of heal wounds {unknown}
 l - a potion of curing {unknown}
 p - a potion of berserk rage {unknown}
 s - a potion of degeneration {unknown}
 u - a potion of invisibility {unknown}


   Skills:
 * Level 4.3 Fighting
 * Level 4.8 Long Blades
 - Level 2.0 Throwing
 + Level 5.1 Dodging


You had 4 spell levels left.
You didn't know any spells.
Your spell library contained the following spells:

 Spells                   Type           Power      Damage    Failure   Level
 Confusing Touch          Hex            0%         N/A       86%         3
 Gell's Gravitas          Tloc           0%         N/A       86%         3
 Teleport Other           Tloc           0%         N/A       86%         3
 Yara's Violent Unravell  Hex/Tmut       0%         3d3       100%        5
 Dispersal                Tloc           0%         N/A       100%        6
 Enfeeble                 Hex            0%         N/A       100%        7


Dungeon Overview and Level Annotations

Branches:
Dungeon (4/15)
 Temple: D:4-7

Altars:
Elyvilon

Shops:
D:1 =


Innate Abilities, Weirdness & Mutations

((You are very nimble when in or above water. (Stealth+, EV+, Speed+++)))
Your lower body shifts to a powerful aquatic tail in water.


Message History

The orc warrior looks even sicker.
The orc warrior is lightly wounded.
The orc warrior hits you with a +0 battleaxe.
* * * LOW HITPOINT WARNING * * *
You closely miss the orc warrior.
The orc warrior is lightly wounded.
The orc warrior hits you with a +0 battleaxe!
* * * LOW HITPOINT WARNING * * *
You hit the orc warrior but do no damage.
The orc warrior is lightly wounded.
The orc warrior misses you.
You hit the orc warrior but do no damage.
The orc warrior looks as sick as possible!
The orc warrior is lightly wounded.
The orc warrior completely misses you.
You hit the orc warrior but do no damage.
The orc warrior looks as sick as possible!
The orc warrior is lightly wounded.
The orc warrior closely misses you.
You closely miss the orc warrior.
The orc warrior is lightly wounded.
The orc warrior closely misses you.
You hit the orc warrior but do no damage.
The orc warrior looks as sick as possible!
The orc warrior is lightly wounded.
Okay, then.
Okay, then.
You hit the orc warrior but do no damage.
The orc warrior looks as sick as possible!
The orc warrior is lightly wounded.
The orc warrior closely misses you.
You barely miss the orc warrior.
The orc warrior is moderately wounded.
The orc warrior hits you with a +0 battleaxe.
* * * LOW HITPOINT WARNING * * *
You hit the orc warrior but do no damage.
The orc warrior looks as sick as possible!
The orc warrior is moderately wounded.
The orc warrior hits you with a +0 battleaxe!
You die...

#.###)#.#
#######.##..
#.###.#.# #.##..
#.......# #.....
#####.### ####.#
#.....####### #.#
#...........# #.#
#......####.#######.#
#..).o...##.........#
#...@..#.....########
######.####.##
#......# ########


You could see an orc warrior (extremely poisoned).

Vanquished Creatures
  Ijyb (D:3)
  4 adders
  A dart slug (D:2)
  9 orcs
  8 ball pythons
  11 bats
  5 endoplasms (D:1)
  5 giant cockroaches
  7 goblins
  11 jackals
  4 kobolds
  A quokka (D:4)
  2 frilled lizards
  5 rats
74 creatures vanquished.

Vanquished Creatures (others)
  2 plants (D:4)
2 creatures vanquished.

Grand Total: 76 creatures vanquished

Notes
Turn   | Place    | Note
-------+----------+-------------------------------------------
     0 | D:1      | Decritt the Merfolk Gladiator began the quest for the Orb.
     0 | D:1      | Reached XP level 1. HP: 16/16 MP: 1/1
    81 | D:1      | Reached XP level 2. HP: 23/23 MP: 2/2
   305 | D:1      | Found Nurayf's Jewellery Emporium.
   319 | D:1      | Reached XP level 3. HP: 21/29 MP: 3/3
  1287 | D:2      | Found a faded altar of an unknown god.
  1342 | D:2      | Reached XP level 4. HP: 36/36 MP: 4/4
  1908 | D:3      | Noticed Ijyb
  1917 | D:3      | Killed Ijyb
  2340 | D:3      | Reached XP level 5. HP: 32/42 MP: 3/5
  2352 | D:3      | Reached skill level 5 in Dodging
  2442 | D:3      | Found a white marble altar of Elyvilon.
  2909 | D:4      | Noticed an orc warrior
  3006 | D:3      | HP: 1/43 [orc warrior/+0 battleaxe (4)]
  3007 | D:3      | Demolished by an orc warrior

Illustrated notes

Levels and vault maps discovered:
D:1:      shiori_arrival_elements, layout_basic, serial_shops, shop
D:2:      layout_basic, hellmonk_ecumenical_altar_leap_of_faith,
          minmay_strange_pillars
D:3:      layout_loops_cross, mainiacjoe_overflow_tiny_flanked, uniq_ijyb
D:4:      lemuel_castle_with_subvaults [lemuel_castle_interior_original],
          layout_layer_cave, serial_shops, nicolae_shop_behind_doors,
          uniq_duvessa

Skill      XL: |  1  2  3  4  5 |
---------------+----------------+-----
Fighting       | 3 4 |  4.3
Long Blades    | 4 |  4.8
Dodging        | 5 |  5.1
Throwing       | |  2.0

Action                   |  1- 3 |  4- 6 || total
-------------------------+-------+-------++-------
Melee: Long sword        |   116 |    21 ||   137
       Punch             |     1 |     3 ||     4
       Dagger            |       |    88 ||    88
 Stab: Sleeping          |     2 |     3 ||     5
Armor: Leather armour    |    55 |    19 ||    74
Dodge: Dodged            |   108 |    76 ||   184

Table legend: (Time is in decaauts)
 A = Elapsed time spent in this place.
 B = Non-inter-level travel time spent in this place.
 C = Inter-level travel time spent in this place.
 D = Time resting spent in this place.
 E = Time spent auto-exploring this place.
 F = Levels seen in this place.
 G = Mean time per level.
                   A        B        C        D        E       F      G
               +--------+--------+--------+--------+--------+-----+--------+
         Total |   3022 |   2902 |    120 |    182 |   2205 |   4 |  755.5 |
       Dungeon |   3022 |   2902 |    120 |    182 |   2205 |   4 |  755.5 |
               +--------+--------+--------+--------+--------+-----+--------+

Top non-repeatable levels by time:
     D:2: 1026 daAuts
     D:1: 906 daAuts
     D:3: 893 daAuts
     D:4: 195 daAuts
